← All builds
Tech / Armada / Economy first / OBSERVED BUILD

Standard tech

Standard Tech play: rush T2 factory and constructor by ~4:15-4:33, upgrade the first mexes to advanced, and hand off constructors and army to Geo and allies while scaling eco over the game.

Usually first T2 con to Geo (85%)

#eco #t2 #team support · 681 distinct matches · 101 players · 59% of Armada Tech games · team won 53% of 793 · Recently observed

HOW TO PLAY IT

Key timing: T2 lab by 4:15

  1. Take 3 mex, then wind and a Bot Lab to open eco fast.
  2. Push T2 lab out, aim to pass T2 to air player.
  3. Get first T2 constructor building, prioritize mex upgrades over eco.
  4. Finish Advanced Metal Extractor, keep upgrading team's mex.
  5. Add fus and anti-nuke, keep feeding T2 cons and Umbrella/Citadel to team.

Phase by phase

TYPICAL OF ITS 681 GAMES
  1. 1
  2. 2
  3. 3
  4. 4
PLAY THE OPENING

Follow the example game's first 6:00 step by step: what to build now, what comes next, and where it goes. At 1× it keeps pace with your own game.

  1. 1

    Up to the Bot Lab

    Economy
    • Metal Extractor3Mex
    • Wind Turbine4Wind
    Order
    1. Bot LabBot Lab after 3 mex, 4 winddone ~1:18, middle half 1:13–1:32

    Some games also: energy storage (30%)

    By 1:01 in all: 3 mex · 4 wind

    The example game in this phase · 3 steps
    1. Mex ×3
    2. Wind ×3
    3. Bot LabBot Labdone 1:12 · typical 1:18
  2. 2

    Bot Lab to Advanced Bot Lab

    Economy
    • Metal Extractor1Mex
    • Wind Turbine8Wind
    • Energy Storage1Energy storage
    Order
    1. Advanced Bot LabAdvanced Bot Lab after 4 mex, 12 wind, 3 con turretdone ~4:15, middle half 4:04–4:27
    Builders
    • Construction Turret3 Con turret
    • Lazarus3 Lazarus
    • Construction Bot2 Con bot
    • Construction Bot1 Con bot for allies

    Some games also: converter (36%)

    By 3:20 in all: 4 mex · 12 wind · 1 energy storage · 3 con turret

    The example game in this phase · 21 steps
    1. Wind
    2. LazarusLazarus
    3. Wind ×3
    4. LazarusLazarus
    5. Wind ×2
    6. LazarusLazarus
    7. Construction BotCon bot ×2
    8. Construction BotCon botfor Air
    9. Con turret
    10. Construction BotCon bot
    11. Mex
    12. Con turret
    13. LazarusLazarus
    14. Wind ×2
    15. Radar TowerRadar Tower
    16. Wind
    17. Energy storage
    18. Converter
    19. Wind
    20. Converter ×4
    21. Advanced Bot LabAdvanced Bot Labdone 4:22 · typical 4:15
  3. 3

    Advanced Bot Lab to 5:00

    Economy
    • Wind Turbine2Wind
    Builders
    • Advanced Construction Bot1 T2 con bot for allies

    Some games also: converter (35%)

    By 5:00 in all: 4 mex · 15 wind · 2 converter · 1 energy storage · 3 con turret

    The example game in this phase · 11 steps
    1. Converter
    2. Wind ×2
    3. Converter
    4. Wind
    5. Advanced Construction BotT2 con botfor Geo
    6. Wind
    7. Advanced Construction BotT2 con botfor Air
    8. Converter
    9. Advanced Metal ExtractorT2 mexdone 5:30 · typical 5:28
    10. Wind
    11. ButlerButlerfor Pond
  4. 4

    5:00 to 10:00

    Economy
    • Wind Turbine43Wind
    • Energy Converter5Converter
    Builders
    • Butler8 Butler
    • Advanced Construction Bot4 T2 con bot for allies
    • Advanced Construction Bot1 T2 con bot

    Some games also: con turret (46%) · Butler for allies (38%)

    By 10:00 in all: 4 mex · 58 wind · 7 converter · 1 energy storage · 3 con turret

    The example game in this phase · 120 steps
    1. Advanced Metal ExtractorT2 mex
    2. Wind
    3. ButlerButlerfor Pond
    4. Wind
    5. Advanced Metal ExtractorT2 mex
    6. Wind ×2
    7. Advanced Construction BotT2 con botfor Pond
    8. Wind ×2
    9. Advanced Metal ExtractorT2 mex
    10. Wind
    11. ButlerButler
    12. Wind
    13. ButlerButler
    14. Wind
    15. ButlerButler
    16. Wind
    17. Advanced Construction BotT2 con botfor Geo sea
    18. Wind
    19. ButlerButler
    20. Wind
    21. ButlerButler
    22. Wind
    23. ButlerButler
    24. Wind ×3
    25. Advanced Construction BotT2 con botfor Beach sea
    26. Wind ×3
    27. Converter
    28. Wind
    29. Converter
    30. Wind ×3
    31. Converter
    32. Wind
    33. ButlerButler
    34. Wind ×2
    35. Converter
    36. Wind
    37. ButlerButler
    38. Wind ×3
    39. Converter
    40. Wind ×2
    41. ButlerButler
    42. Wind
    43. Converter
    44. Wind
    45. ButlerButlerfor Geo sea
    46. Wind ×2
    47. Converter
    48. Wind ×2
    49. ButlerButlerfor Geo sea
    50. Converter
    51. Wind ×5
    52. ButlerButler
    53. Converter
    54. Advanced Construction BotT2 con bot
    55. Wind ×4
    56. Converter
    57. Wind ×3
    58. Converter
    59. Wind ×3
    60. Con turret
    61. Converter
    62. Wind ×2
    63. Converter
    64. Wind ×2
    65. Converter
    66. Wind ×2
    67. Con turret
    68. Wind ×2
    69. Converter
    70. Wind ×3
    71. Con turret
    72. Converter
    73. Wind ×4
    74. Converter ×2
    75. Wind ×3
    76. Converter
    77. Con turret
    78. Wind ×3
    79. Con turret
    80. Wind ×2
    81. Converter
    82. Con turret
    83. Wind ×3
    84. Metal storage
    85. Converter
    86. Wind ×2
    87. Converter
    88. Wind ×3
    89. Converter ×2
    90. Wind
    91. Fusion ReactorFusiondone 10:31
    92. Wind
    93. Converter ×2
    94. Wind ×4
    95. Converter
    96. Wind ×4
    97. Converter
    98. Wind ×3
    99. Converter
    100. Wind ×4
    101. Converter ×2
    102. Wind ×2
    103. TracerTracer
    104. Converter
    105. Wind
    106. Converter
    107. Wind ×5
    108. CitadelAnti-nukenot finished by 15:00
    109. Converter ×2
    110. Wind ×4
    111. Converter
    112. Wind ×3
    113. Converter
    114. Wind ×4
    115. Converter
    116. Wind ×4
    117. Converter
    118. Wind ×2
    119. Converter ×2
    120. Wind ×2

Counts are medians over the build's games: half of them build more, half fewer. The example game is RitualMurder's (37 OS, 20/09/2026); pick another.

Team trades

IN AT LEAST 30% OF ITS GAMES

You hand over

  • Construction Bot1 Con bot to Airfirst at 2:22 · in 88% of games
  • Advanced Construction Bot5 T2 con bot to Air or Pond or Geo seafirst at 4:46 · in 99% of games
  • Sharpshooter2 Sniper bot to Pondfirst at 5:23 · in 33% of games
  • Butler2 Butler to Geo sea or Beach sea or Pondfirst at 9:03 · in 42% of games

You get

  • Hercules1 Light transport from Airfirst at 3:59 · in 85% of games

How it plays out

Typical game of this build, running totals by minute

Metal produced

020k40k
0:005:0010:0015:00

metal

Enemy metal destroyed

0200400
0:005:0010:0015:00

metal

Own metal lost

0100200300
0:005:0010:0015:00

metal

793 games.

Show as table
ByMetal produced: This buildEnemy metal destroyed: This buildOwn metal lost: This build
1:0038300
2:0091500
3:00163500
4:00314800
5:00486300
6:00580700
7:00722000
8:00906100
9:001124700
10:001355300
11:001634200
12:001985000
13:002364400
14:0027360125130
15:0031473385260
WHAT THE NUMBERS SAY

This is the role's baseline and wins slightly more than half its games with a huge metal lead but almost no kills, showing its value is economic not combat.

  • + Produces 31389 metal by 15:00, far above other roles.
  • + Reaches T2 lab and constructor by 4:15-4:33 almost every game.
  • − Barely destroys any enemy metal (400 by 15:00), no combat presence.
  • − Fusion Reactor and anti-nuke only land in 44% of games.
THE EXAMPLE YOU ARE READING

RitualMurder

37.1 OS · 20/09/2026

Open source match ↗

1 received units
3241 metal received · 24294 energy received

Allied construction assistance is unknown. Timings are observations, not a promise of solo reproducibility.

Typical milestones

Bot Lab1:18Middle 50%: 1:13–1:32 · n=793
Advanced Bot Lab4:15Middle 50%: 4:04–4:27 · n=787
Advanced Metal Extractor5:28Middle 50%: 5:06–5:58 · n=791

Played most by

Amrissa100games of this buildSyphos34games of this buildKOT_33games of this buildTeaner28games of this buildAdeus26games of this build